 Dungeon Crawl Stone Soup version 0.28.0-1-gb440e238dd (webtiles) character file.

Game seed: 10237940028910257157

1949 Ablot the Magician (level 9, -10/69 HPs)
             Began as a Gnoll Warper on Feb 27, 2022.
             Was a Priest of Fedhas.
             Killed from afar by an acid dragon (28 damage)
             ... with a splash of acid
             ... on level 7 of the Dungeon.
             The game lasted 00:14:02 (8497 turns).

Ablot the Magician (Gnoll Warper)                   Turns: 8497, Time: 00:14:03

Health: -10/69     AC:  2    Str: 14    XL:     9   Next: 18%
Magic:  18/18      EV: 15    Int: 14    God:    Fedhas [***...]
Gold:   196        SH:  0    Dex: 15    Spells: 15/21 levels left

rFire   . . .      SeeInvis .   I - +0 quarterstaff (speed)
rCold   . . .      Faith    .   (shield currently unavailable)
rNeg    . . .      Spirit   .   b - +0 robe of Infinity {Dex+4}
rPois   .          Reflect  .   u - +2 hat
rElec   .          Harm     .   y - +0 cloak
rCorr   .          Rampage  .   p - +0 pair of gloves
Will    .....                   (no boots)
Stlth   +++.......              (no amulet)
HPRegen 0.21/turn               (no ring)
MPRegen 0.16/turn               (no ring)

@: corroded
A: fangs 1, strong nose, distributed training
a: Renounce Religion, Wall of Briars, Grow Ballistomycete


You were on level 7 of the Dungeon.
You worshipped Fedhas.
Fedhas was most pleased with you.
You visited 2 branches of the dungeon, and saw 8 of its levels.

You collected 366 gold pieces.
You spent 170 gold pieces at shops.

Inventory:

Hand Weapons
 a - a +0 trident
 q - a +4 dagger of freezing
 z - a +5 dire flail of holy wrath
 A - the +5 hunting sling of Foptauze {venom, Stlth+}
   (You found it on level 4 of the Dungeon)

   Any ammunition fired from it poisons the flesh of those it strikes.
   Stlth:     It makes you more stealthy.
 I - a +0 quarterstaff of speed (weapon)
Missiles
 d - 5 boomerangs of dispersal
 e - 46 arrows
 g - 175 stones
 n - 91 bolts
 C - 12 poisoned darts (quivered)
 D - 31 sling bullets
 E - 3 boomerangs
Armour
 b - the +0 robe of Infinity (worn) {Dex+4}
   (You found it on level 5 of the Dungeon)

   Dex:       It affects your dexterity (+4).
 p - a +0 pair of gloves (worn)
 u - a +2 hat (worn)
 y - a +0 cloak (worn)
Wands
 t - a wand of acid (6)
 K - a wand of iceblast (7)
 L - a wand of flame (7)
Scrolls
 c - 2 scrolls of blinking
 f - a scroll of vulnerability {unknown}
 h - 4 scrolls of identify {unknown}
 l - a scroll of immolation {unknown}
 m - 3 scrolls of magic mapping {unknown}
 r - 4 scrolls of teleportation {unknown}
 x - a scroll of holy word {unknown}
 F - a scroll of noise {unknown}
Potions
 i - 3 potions of lignification
 j - a potion of invisibility {unknown}
 k - a potion of haste {unknown}
 o - a potion of heal wounds
 s - 3 potions of degeneration
 v - 3 potions of curing
 w - a potion of flight {unknown}
 B - 2 potions of resistance {unknown}
 G - 2 potions of mutation {unknown}
 H - 2 potions of brilliance {unknown}
 J - a potion of cancellation {unknown}


   Skills:
 + Level 6.1 Fighting
 + Level 4.0 Short Blades
 + Level 4.0 Long Blades
 + Level 4.0 Axes
 + Level 4.0 Maces & Flails
 + Level 6.1 Polearms
 + Level 4.0 Staves
 + Level 4.0 Slings
 + Level 4.0 Bows
 + Level 4.0 Crossbows
 + Level 4.8 Throwing
 + Level 4.8 Armour
 + Level 6.1 Dodging
 + Level 4.0 Stealth
 + Level 4.0 Shields
 + Level 4.0 Unarmed Combat
 + Level 6.5 Spellcasting
 + Level 3.3 Conjurations
 + Level 3.3 Hexes
 + Level 3.3 Summonings
 + Level 3.3 Necromancy
 + Level 6.4 Translocations
 + Level 3.3 Transmutations
 + Level 3.3 Fire Magic
 + Level 3.3 Ice Magic
 + Level 3.3 Air Magic
 + Level 3.3 Earth Magic
 + Level 3.3 Poison Magic
 + Level 4.4 Invocations
 + Level 4.0 Evocations


You had 15 spell levels left.
You knew the following spells:

 Your Spells              Type           Power      Damage    Failure   Level
a - Blink                 Tloc           44%        N/A       1%          2
b - Poisonous Vapours     Pois/Air       26%        N/A       6%          2
c - Wereblood             Tmut           13%        N/A       6%          2

Your spell library contained the following spells:

 Spells                   Type           Power      Damage    Failure   Level
 Gell's Gravitas          Tloc           22%        N/A       3%          3
 Lesser Beckoning         Tloc           22%        N/A       3%          3
 Teleport Other           Tloc           22%        N/A       3%          3
 Corpse Rot               Necr/Air       26%        N/A       6%          2
 Sublimation of Blood     Necr           13%        N/A       6%          2
 Dazzling Flash           Conj/Hex       26%        N/A       12%         3
 Manifold Assault         Tloc           22%        N/A       28%         5
 Petrify                  Tmut/Erth      13%        N/A       36%         4
 Agony                    Necr           13%        N/A       71%         5
 Irradiate                Conj/Tmut      6%         3d15      71%         5
 Silence                  Hex/Air        6%         N/A       71%         5
 Summon Hydra             Summ           6%         N/A       100%        7


Dungeon Overview and Level Annotations

Branches:
Dungeon (7/15)             Temple (1/1) D:4

Altars:
Ashenzari
Cheibriados
Dithmenos
Elyvilon
Fedhas
Gozag
Hepliaklqana
Kikubaaqudgha
Makhleb
Nemelex Xobeh
Okawaru
Qazlal
Ru
Sif Muna
Trog
Vehumet
Wu Jian
Xom
Yredelemnul
Zin
The Shining One

Shops:
D:5 !

Annotations:
D:2 1 runed translucent door, 1 exclusion
D:4 1 runed translucent door, exclusions: door and 1 more exclusion
D:6 Grinder


Innate Abilities, Weirdness & Mutations

You have very sharp teeth.
Your uncanny sense of smell can sniff out nearby items.
Your experience applies equally to all skills.


Message History

Press: ? - help, Dir - move target, f - orc
Aim: an orc, wielding a +0 flail and wearing a +0 leather armour
Okay, then.
You hit the acid dragon but do no damage.
You bite the acid dragon, but do no damage.
The acid dragon is heavily wounded.
The acid dragon completely misses you. The acid dragon closely misses you.
Unknown command.
Aiming: Throw Flame
Press: ? - help, Shift-Dir - straight line
Okay, then.
Unknown command.
Unknown command.
You closely miss the acid dragon.
You bite the acid dragon, but do no damage.
The acid dragon is heavily wounded.
The orc completely misses you. The acid dragon bites you!
* * * LOW HITPOINT WARNING * * *
The acid dragon barely misses you.
Unknown command.
You closely miss the acid dragon.
The acid dragon is moderately wounded.
The orc hits you with a +0 flail!
* * * LOW HITPOINT WARNING * * *
The acid dragon barely misses you. The acid dragon claws you.
* * * LOW HITPOINT WARNING * * *
Unknown command.
You feel much better. The orc misses you. The acid dragon bites you!
* * * LOW HITPOINT WARNING * * *
The acid dragon misses you.
Unknown command.
You hit the acid dragon.
The acid dragon is moderately wounded.
The orc barely misses you.
You sock the acid dragon!
The acid dragon is severely wounded.
The acid dragon spits acid at you. The splash of acid hits you!!
You die...
Fedhas appreciates your contribution to the ecosystem.

.............#.......
.............###....
...(....<......#...
...............#.#
!................##
......#...##......#
...................
...#...............
..##.......@o......
.. #.##.....D......
#. #............
.......##...#... .
##..... #.## ..
##..## .. . ##. ..#
.. ...


You could see an acid dragon (catching breath) and an orc.

Vanquished Creatures
  Menkaure (D:6)
  Edmund (D:4)
  A water moccasin (D:6)
  An ice beast (D:5)
  An orc warrior (D:6)
  2 black bears
  3 ogres
  A phantom (D:6)
  A bullfrog (D:6)
  5 wights
  A howler monkey (D:5)
  4 hounds
  2 bullfrog skeletons
  A centaur skeleton (D:6)
  2 iguanas (D:5)
  4 orc wizards
  2 hound skeletons (D:4)
  4 gnolls
  A howler monkey skeleton (D:3)
  5 adders
  A shadow imp (D:6)
  An ufetubus (D:5)
  2 worms (D:2)
  5 dart slugs
  10 orcs
  8 ball pythons
  5 bats
  5 endoplasms
  6 giant cockroaches
  2 goblins
  9 hobgoblins
  10 jackals
  4 kobolds
  2 quokkas (D:2)
  4 frilled lizards
  6 rats
123 creatures vanquished.

Notes
Turn   | Place    | Note
-------+----------+-------------------------------------------
     0 | D:1      | Ablot the Gnoll Warper began the quest for the Orb.
     0 | D:1      | Reached XP level 1. HP: 20/20 MP: 6/6
   270 | D:1      | Reached XP level 2. HP: 26/26 MP: 7/7
   273 | D:1      | Learned a level 2 spell: Blink
  1224 | D:2      | Noticed a great orb of eyes
  1230 | D:2      | Reached XP level 3. HP: 31/31 MP: 9/9
  1243 | D:2      | Reached skill level 5 in Spellcasting
  1459 | D:2      | Reached skill level 1 in Invocations
  1696 | D:2      | Noticed a great orb of eyes
  1700 | D:2      | Noticed a golden eye
  1703 | D:2      | Found a faded altar of an unknown god.
  1704 | D:2      | Noticed a floating eye
  1917 | D:2      | Prayed at the altar of an unknown god.
  1917 | D:2      | Became a worshipper of Fedhas Madash
  1917 | D:2      | Reached * piety under Fedhas
  1942 | D:2      | Reached skill level 1 in Short Blades
  1942 | D:2      | Reached skill level 1 in Long Blades
  1942 | D:2      | Reached skill level 1 in Axes
  1942 | D:2      | Reached skill level 1 in Maces & Flails
  1942 | D:2      | Reached skill level 1 in Staves
  1942 | D:2      | Reached skill level 1 in Slings
  1942 | D:2      | Reached skill level 1 in Bows
  1942 | D:2      | Reached skill level 1 in Crossbows
  1942 | D:2      | Reached skill level 1 in Stealth
  1942 | D:2      | Reached skill level 1 in Shields
  1942 | D:2      | Reached skill level 1 in Unarmed Combat
  1942 | D:2      | Reached skill level 1 in Evocations
  2071 | D:2      | Reached XP level 4. HP: 18/38 MP: 11/11
  2386 | D:2      | Found a runed translucent door.
  2979 | D:3      | Reached skill level 1 in Conjurations
  2979 | D:3      | Reached skill level 1 in Hexes
  2979 | D:3      | Reached skill level 1 in Summonings
  2979 | D:3      | Reached skill level 1 in Necromancy
  2979 | D:3      | Reached skill level 1 in Transmutations
  2979 | D:3      | Reached skill level 1 in Fire Magic
  2979 | D:3      | Reached skill level 1 in Ice Magic
  2979 | D:3      | Reached skill level 1 in Air Magic
  2979 | D:3      | Reached skill level 1 in Earth Magic
  2979 | D:3      | Reached skill level 1 in Poison Magic
  3524 | D:4      | Found a staircase to the Ecumenical Temple.
  3530 | Temple   | Entered the Ecumenical Temple
  3854 | D:4      | Noticed an ogre
  3873 | D:4      | Killed an ogre
  3874 | D:4      | Reached XP level 5. HP: 43/43 MP: 12/12
  3894 | D:4      | Learned a level 2 spell: Poisonous Vapours
  3897 | D:4      | Learned a level 2 spell: Wereblood
  4095 | D:4      | Reached XP level 6. HP: 47/50 MP: 13/13
  4322 | D:4      | Reached ** piety under Fedhas
  4399 | D:4      | Noticed Edmund
  4434 | D:4      | Killed Edmund
  4435 | D:4      | Reached skill level 5 in Fighting
  4435 | D:4      | Reached skill level 5 in Polearms
  4435 | D:4      | Reached skill level 5 in Dodging
  4623 | D:4      | Found a runed translucent door.
  4630 | D:4      | Reached XP level 7. HP: 51/56 MP: 15/15
  4926 | D:4      | Identified the +5 hunting sling of Foptauze {venom, Stlth+}
  5026 | D:5      | Entered Level 5 of the Dungeon
  5122 | D:5      | Found Biczip's Distillery.
  5368 | D:5      | Bought a potion of curing for 30 gold pieces
  5368 | D:5      | Bought a potion of degeneration for 10 gold pieces
  5368 | D:5      | Bought 2 potions of heal wounds for 100 gold pieces
  5368 | D:5      | Bought a potion of lignification for 30 gold pieces
  5705 | D:5      | Reached XP level 8. HP: 44/63 MP: 16/16
  6291 | D:5      | Identified the +0 robe of Infinity {Dex+4}
  7038 | D:6      | Noticed Menkaure
  7055 | D:6      | Killed Menkaure
  7284 | D:6      | Reached *** piety under Fedhas
  7606 | D:6      | Noticed Grinder
  7779 | D:6      | Reached XP level 9. HP: 15/69 MP: 12/18
  8494 | D:7      | HP: 3/69 [acid dragon (3)]
  8497 | D:7      | Killed from afar by an acid dragon

Illustrated notes

Levels and vault maps discovered:
D:1:      minmay_arrival_solitary_statue, layout_basic,
          nicolae_concentric_dashed_squares_mild
D:2:      layout_basic, hellmonk_ecumenical_altar_watching_god,
          uniq_crazy_yiuf_cottage
D:3:      layout_loops_corners
D:4:      layout_gridville, minmay_temple_entry_wispy,
          ebering_ghost_reflecting_pool, chequers_serial_rivers_micro_d,
          uniq_edmund
D:5:      layout_cave_pods, serial_shops, shop, grunt_decor_one_mirror
D:6:      layout_loops_ring, uniq_grinder, uniq_menkaure
D:7:      layout_cave_pools, enter_bailey_3
Temple:   mainiacjoe_temple_archimedes_tessellation

Skill      XL: |  1  2  3  4  5  6  7  8  9 |
---------------+----------------------------+-----
Spellcasting   | 5 6 |  6.5
Invocations    | 1 2 3 4 |  4.4
Short Blades   | 1 2 3 4 |  4.0
Long Blades    | 1 2 3 4 |  4.0
Axes           | 1 2 3 4 |  4.0
Maces & Flails | 1 2 3 4 |  4.0
Staves         | 1 2 3 4 |  4.0
Slings         | 1 2 3 4 |  4.0
Bows           | 1 2 3 4 |  4.0
Crossbows      | 1 2 3 4 |  4.0
Stealth        | 1 2 3 4 |  4.0
Shields        | 1 2 3 4 |  4.0
Unarmed Combat | 1 2 3 4 |  4.0
Evocations     | 1 2 3 4 |  4.0
Conjurations   | 1 2 3 |  3.3
Hexes          | 1 2 3 |  3.3
Summonings     | 1 2 3 |  3.3
Necromancy     | 1 2 3 |  3.3
Transmutations | 1 2 3 |  3.3
Fire Magic     | 1 2 3 |  3.3
Ice Magic      | 1 2 3 |  3.3
Air Magic      | 1 2 3 |  3.3
Earth Magic    | 1 2 3 |  3.3
Poison Magic   | 1 2 3 |  3.3
Throwing       | 3 4 |  4.8
Armour         | 3 4 |  4.8
Fighting       | 5 6 |  6.1
Polearms       | 5 6 |  6.1
Dodging        | 5 6 |  6.1
Translocations | 6 |  6.4

Action                   |  1- 3 |  4- 6 |  7- 9 || total
-------------------------+-------+-------+-------++-------
Melee: Spear             |   192 |    10 |       ||   202
       Bite              |    18 |    14 |    43 ||    75
       Punch             |     3 |     4 |     9 ||    16
       Short sword       |       |    97 |   150 ||   247
       Dire flail        |       |       |    53 ||    53
       Dagger            |       |       |    61 ||    61
       Quarterstaff      |       |       |    52 ||    52
Throw: Stone             |       |     4 |       ||     4
       Dart              |       |       |     2 ||     2
 Cast: Poisonous Vapours |       |     8 |     4 ||    12
       Blink             |       |       |     2 ||     2
  Use: Potion            |       |       |     5 ||     5
 Stab: Sleeping          |     1 |     2 |     7 ||    10
       Distracted        |       |     1 |     1 ||     2
Armor: Leather armour    |    40 |    40 |    56 ||   136
       Robe              |       |       |    30 ||    30
Dodge: Dodged            |    72 |    73 |   214 ||   359
